General information
- name: BNet
- type: Ladder team game (AT/RT)
- host: Battle.net
- saver: KillJews
map: Cherryville
- players: 8
- length: 20:10
- speed: Fast
- version: 1.28 W3XP
- replay type: Public
» download(100 KB)
Players
team 1 (loser)

»
temp (
green | 38 APM | 182 actions | 04:45)
2 Dreadlord
1 Sleep
1 Vampiric Aura
» actions
| Assign group hotkey | 3 | |
| Basic commands | 21 | |
| Build / train | 16 | |
| Enter build submenu | 5 | |
| Enter hero's abilities submenu | 2 | |
| Right click | 49 | |
| Select / deselect | 67 | |
| Select group hotkey | 11 | |
| Use ability | 8 | |
182 total
» units
» buildings
| Crypt | 1 | |
| Altar of Darkness | 1 | |
| Ziggurat | 2 | |
| Tomb of Relics | 1 | |
| Nerubian Tower | 1 | |
| Halls of the Dead | 1 | |
7 total
» build order
00:14 Crypt
00:21 Altar of Darkness
00:38 Ziggurat
00:56 Tomb of Relics
02:14 Ziggurat
02:15 Nerubian Tower
04:12 Halls of the Dead
» items
ALPHA-MALE (
teal | 55 APM | 1116 actions | 20:09)
3 Blademaster
2 Wind Walk
1 Critical Strike
» actions
| Assign group hotkey | 17 | |
| Basic commands | 42 | |
| Build / train | 77 | |
| Enter build submenu | 38 | |
| Enter hero's abilities submenu | 3 | |
| Give item / drop item | 1 | |
| Remove unit from queue | 2 | |
| Right click | 410 | |
| Select / deselect | 229 | |
| Select group hotkey | 182 | |
| Use ability | 115 | |
1116 total
» units
| Peon | 13 | |
| Grunt | 3 | |
| Goblin Shredder | 1 | |
| Acolyte | 1 | |
| Peasant | 9 | |
| Troll Batrider | 12 | |
39 total
» upgrades
| Reinforced Defenses | 1 | |
| Ranged Weapons | 1 | |
| Liquid Fire | 1 | |
3 total
» buildings
| Altar of Storms | 1 | |
| Orc Burrow | 4 | |
| Barracks | 1 | |
| Voodoo Lounge | 1 | |
| Great Hall | 1 | |
| Stronghold | 2 | |
| War Mill | 1 | |
| Fortress | 2 | |
| Watch Tower | 29 | |
| Ziggurat | 14 | |
| Graveyard | 1 | |
| Spirit Tower | 14 | |
| Tree of Life | 1 | |
| Black Citadel | 2 | |
| Scout Tower | 7 | |
| Guard Tower | 2 | |
| Beastiary | 5 | |
88 total
» build order
00:06 Altar of Storms
00:21 Orc Burrow
00:48 Barracks
01:26 Orc Burrow
02:05 Voodoo Lounge
03:33 Great Hall
03:52 Stronghold
03:53 Stronghold
05:15 War Mill
05:17 Orc Burrow
07:38 Fortress
07:41 Watch Tower
07:42 Watch Tower
07:42 Watch Tower
07:42 Watch Tower
07:43 Watch Tower
07:43 Watch Tower
07:55 Ziggurat
07:56 Ziggurat
07:56 Ziggurat
07:59 Graveyard
08:17 Watch Tower
08:17 Watch Tower
08:49 Ziggurat
08:49 Ziggurat
08:49 Ziggurat
09:30 Watch Tower
09:30 Watch Tower
09:31 Watch Tower
09:31 Watch Tower
09:32 Watch Tower
09:33 Watch Tower
09:42 Spirit Tower
09:42 Spirit Tower
09:56 Tree of Life
10:02 Spirit Tower
10:02 Spirit Tower
10:40 Watch Tower
10:40 Watch Tower
10:41 Watch Tower
10:41 Watch Tower
10:57 Ziggurat
10:58 Ziggurat
10:58 Ziggurat
10:59 Ziggurat
10:59 Ziggurat
11:07 Watch Tower
11:07 Watch Tower
11:22 Black Citadel
11:22 Black Citadel
11:39 Ziggurat
11:39 Ziggurat
11:41 Ziggurat
11:45 Watch Tower
11:47 Watch Tower
11:49 Watch Tower
12:01 Spirit Tower
12:02 Spirit Tower
12:02 Spirit Tower
12:04 Spirit Tower
12:04 Spirit Tower
12:17 Watch Tower
12:18 Watch Tower
12:22 Scout Tower
12:22 Scout Tower
12:23 Scout Tower
12:28 Spirit Tower
12:32 Watch Tower
12:40 Spirit Tower
12:48 Watch Tower
12:53 Guard Tower
12:56 Spirit Tower
13:10 Watch Tower
13:36 Beastiary
13:51 Beastiary
13:59 Watch Tower
14:30 Beastiary
14:37 Beastiary
14:48 Guard Tower
14:50 Scout Tower
14:50 Scout Tower
14:51 Scout Tower
15:33 Beastiary
15:37 Orc Burrow
» items
| Healing Salve | 2 | |
| Orb of Lightning | 1 | |
| Staff of Teleportation | 1 | |
| Potion of Lesser Invulnerability | 1 | |
5 total
U_FOLLOW_iTK_1 (
yellow | 24 APM | 185 actions | 07:45)
1 Archmage
1 Blizzard
» actions
| Assign group hotkey | 2 | |
| Basic commands | 20 | |
| Build / train | 10 | |
| Enter build submenu | 6 | |
| Enter hero's abilities submenu | 1 | |
| Remove unit from queue | 3 | |
| Right click | 76 | |
| Select / deselect | 52 | |
| Select group hotkey | 4 | |
| Use ability | 11 | |
185 total
» units
» buildings
| Farm | 2 | |
| Altar of Kings | 1 | |
| Lumber Mill | 1 | |
4 total
» build order
00:27 Farm
00:29 Altar of Kings
02:08 Farm
06:12 Lumber Mill
team 2 (winner)
Knight_Lite (
orange | 47 APM | 913 actions | 19:15)
3 Blademaster
1 Wind Walk
2 Critical Strike
» actions
| Build / train | 31 | |
| Enter build submenu | 10 | |
| Enter hero's abilities submenu | 4 | |
| Remove unit from queue | 2 | |
| Right click | 687 | |
| Select / deselect | 156 | |
| Use ability | 23 | |
913 total
» units
» upgrades
| Ranged Weapons | 3 | |
| Liquid Fire | 1 | |
4 total
» buildings
| Altar of Storms | 1 | |
| Orc Burrow | 4 | |
| Voodoo Lounge | 1 | |
| Stronghold | 1 | |
| War Mill | 1 | |
| Beastiary | 3 | |
| Fortress | 1 | |
12 total
» build order
01:04 Altar of Storms
01:13 Orc Burrow
01:32 Voodoo Lounge
03:05 Stronghold
03:17 War Mill
03:35 Orc Burrow
05:42 Beastiary
05:47 Beastiary
05:49 Fortress
06:13 Orc Burrow
09:07 Beastiary
09:53 Orc Burrow
» items
| Healing Salve | 1 | |
| Scroll of Speed | 1 | |
2 total
KillJews (
purple | 50 APM | 1011 actions | 20:10)
4 Archmage
2 Summon Water Elemental
2 Brilliance Aura
» actions
| Assign group hotkey | 48 | |
| Basic commands | 173 | |
| Build / train | 53 | |
| Enter build submenu | 26 | |
| Enter hero's abilities submenu | 4 | |
| Give item / drop item | 3 | |
| Right click | 289 | |
| Select / deselect | 251 | |
| Select group hotkey | 107 | |
| Use ability | 57 | |
1011 total
» units
| Peasant | 12 | |
| Footman | 5 | |
| Goblin Shredder | 1 | |
| Gryphon Rider | 6 | |
| Goblin Sapper | 3 | |
27 total
» upgrades
| Masonry | 2 | |
| Swords | 3 | |
| Armor | 3 | |
| Storm Hammers | 1 | |
| Animal War Training | 1 | |
10 total
» buildings
| Altar of Kings | 1 | |
| Barracks | 1 | |
| Farm | 7 | |
| Scout Tower | 5 | |
| Arcane Vault | 1 | |
| Arcane Tower | 1 | |
| Keep | 1 | |
| Town Hall | 1 | |
| Lumber Mill | 1 | |
| Castle | 1 | |
| Guard Tower | 1 | |
| Gryphon Aviary | 4 | |
| Blacksmith | 2 | |
27 total
» build order
00:39 Altar of Kings
00:41 Barracks
01:04 Farm
01:05 Farm
01:08 Farm
01:08 Farm
02:01 Scout Tower
03:04 Arcane Vault
03:20 Arcane Tower
04:12 Keep
04:32 Town Hall
04:35 Lumber Mill
04:38 Scout Tower
04:39 Scout Tower
04:39 Scout Tower
04:40 Scout Tower
06:58 Castle
07:03 Guard Tower
08:04 Gryphon Aviary
08:06 Gryphon Aviary
08:09 Gryphon Aviary
08:27 Gryphon Aviary
08:57 Farm
09:00 Farm
09:00 Farm
09:08 Blacksmith
09:14 Blacksmith
» items
| Mechanical Critter | 2 | |
| Scroll of Regeneration | 1 | |
| Staff of Teleportation | 1 | |
| Periapt of Vitality | 1 | |
| Scroll of Town Portal | 1 | |
6 total
WC-and-ChilI (
blue | 97 APM | 1963 actions | 20:09)
4 Blademaster
2 Wind Walk
2 Critical Strike
» actions
| Assign group hotkey | 74 | |
| Basic commands | 176 | |
| Build / train | 87 | |
| ESC pressed | 1 | |
| Enter build submenu | 26 | |
| Enter hero's abilities submenu | 4 | |
| Give item / drop item | 5 | |
| Right click | 645 | |
| Select / deselect | 178 | |
| Select group hotkey | 675 | |
| Use ability | 92 | |
1963 total
» units
| Peon | 16 | |
| Grunt | 5 | |
| Wind Rider | 6 | |
| Kodo Beast | 1 | |
28 total
» upgrades
| Ranged Weapons | 3 | |
| Armor | 4 | |
| Berserker Strength | 1 | |
| Envenomed Spears | 1 | |
| Reinforced Defenses | 1 | |
| Pillage | 1 | |
| Spiked Barricades | 1 | |
| War Drums Damage Increase | 1 | |
13 total
» buildings
| Orc Burrow | 6 | |
| Altar of Storms | 1 | |
| Barracks | 1 | |
| Voodoo Lounge | 1 | |
| War Mill | 1 | |
| Great Hall | 1 | |
| Watch Tower | 12 | |
| Stronghold | 4 | |
| Fortress | 5 | |
| Beastiary | 3 | |
35 total
» build order
00:08 Orc Burrow
00:15 Orc Burrow
01:04 Altar of Storms
01:18 Barracks
01:38 Voodoo Lounge
02:12 War Mill
03:37 Orc Burrow
04:07 Great Hall
04:13 Watch Tower
05:21 Stronghold
05:21 Stronghold
05:22 Stronghold
05:39 Watch Tower
06:05 Orc Burrow
06:10 Watch Tower
07:02 Watch Tower
07:50 Fortress
07:51 Fortress
07:51 Fortress
07:51 Fortress
07:54 Beastiary
07:57 Beastiary
08:01 Beastiary
09:36 Orc Burrow
10:01 Watch Tower
10:25 Orc Burrow
16:09 Watch Tower
16:12 Watch Tower
16:13 Watch Tower
16:16 Watch Tower
16:19 Watch Tower
16:22 Watch Tower
16:25 Watch Tower
» items
| Healing Salve | 6 | |
| Boots of Speed | 1 | |
| Staff of Teleportation | 1 | |
| Orb of Lightning | 1 | |
| Tiny Great Hall | 1 | |
10 total

»
Mr.Hollywood (
red | 19 APM | 325 actions | 17:18)
3 Demon Hunter
2 Immolation
1 Evasion
» actions
| Basic commands | 11 | |
| Build / train | 52 | |
| Enter build submenu | 21 | |
| Enter hero's abilities submenu | 3 | |
| Remove unit from queue | 2 | |
| Right click | 78 | |
| Select / deselect | 127 | |
| Use ability | 31 | |
325 total
» units
» upgrades
| Moon Armor | 1 | |
| Ultravision | 1 | |
| Strength of the Wild | 0 | |
| Strength of the Moon | 1 | |
| Improved Bows | 1 | |
4 total
» buildings
| Altar of Elders | 1 | |
| Ancient of War | 2 | |
| Moon Well | 11 | |
| Hunter's Hall | 1 | |
| Ancient of Wonders | 1 | |
| Ancient Protector | 1 | |
| Tree of Ages | 1 | |
| Tree of Life | 2 | |
| Ancient of Lore | 1 | |
21 total
» build order
00:33 Altar of Elders
00:54 Ancient of War
01:02 Moon Well
02:05 Moon Well
03:05 Moon Well
03:15 Moon Well
04:02 Moon Well
04:18 Hunter's Hall
04:29 Ancient of Wonders
04:35 Moon Well
05:08 Moon Well
05:28 Ancient Protector
06:31 Moon Well
07:23 Tree of Ages
07:40 Moon Well
08:26 Ancient of War
09:19 Moon Well
09:48 Tree of Life
10:21 Ancient of Lore
10:33 Moon Well
15:10 Tree of Life
Chat log
(00:20 / All) B.A.T.T.L.E.: yellwo tked
(00:20 / All) B.A.T.T.L.E.: gg
(00:23 / Allies) Mr.Hollywood: ?
(00:23 / All) B.A.T.T.L.E.: ima fk now fuck it
(00:27 / All) KillJews: puss
(00:44 / Allies) Mr.Hollywood: rush?
(00:51 / Allies) WC-and-ChilI: me not that kind of orc
(02:24 / All) KillJews: yellow had surgery recently
(02:30 / All) KillJews: he took a rib out so he could suck his own cock
(02:37 / All) U_FOLLOW_iTK_1: truth
(02:39 / All) KillJews: no one else will do it for it so he might as well do it himself
(02:40 / All) Mr.Hollywood: lol
(02:44 / All) Knight_Lite: just do yoga bro
(02:45 / All) U_FOLLOW_iTK_1: Truth
(07:08 / Allies) Mr.Hollywood: blue come to my base to heal
(07:14 / Allies) WC-and-ChilI: k
(07:16 / All) U_FOLLOW_iTK_1: gg noob
(07:32 / Allies) KillJews: hit top
(07:33 / Allies) KillJews: hit yellow
(07:45 / Allies) KillJews: lumber
(08:02 / Allies) Mr.Hollywood: im htiin here
(08:40 / Allies) KillJews: TEAM DON'T LISTEN
(08:46 / Allies) KillJews: I DONT LIKE IT WHEN MY TEAM DON'T LISTEN!
(08:53 / Allies) WC-and-ChilI: Me neither
(11:07 / Allies) Knight_Lite: whyyy
(11:15 / Allies) WC-and-ChilI: why what?
(11:26 / Allies) Knight_Lite: why r u a fgt?
(11:37 / Allies) KillJews: TEAM DONT LISTEN
(11:38 / Allies) KillJews: NOW TEAM DIE
(11:45 / Allies) WC-and-ChilI: I was born this way oj
(11:47 / Allies) Knight_Lite: is ur purpose in life to make every1 as miserable as u?
(11:48 / Allies) WC-and-ChilI: don't be a homophobe
(11:56 / All) ALPHA-MALE: y'all gonna lose
(12:09 / Allies) KillJews: TEAM NOT LISTEN, MAKE ME VERY ANGRY!
(12:19 / Allies) Mr.Hollywood: ?????????????????????
(12:21 / Allies) Mr.Hollywood: stop
(12:25 / Allies) KillJews: NO
(12:27 / Allies) KillJews: YOU DONT LISTEN
(12:29 / Allies) KillJews: NOW YOU PAY
(12:49 / Allies) KillJews: YOULL REGRET IGNORING ME
(12:50 / Allies) Knight_Lite: no
(12:54 / Allies) KillJews: IM NOT BE IGNORED GOT?
(12:56 / Allies) KillJews: GOT IT?
(13:00 / Allies) Knight_Lite: every1 in life ignores u purple
(13:03 / Allies) Mr.Hollywood: k
(13:07 / Allies) KillJews: IF YOU IGNORE ME
(13:10 / Allies) KillJews: YOU GET PAYBACK
(13:12 / Allies) KillJews: WITH MY FIST
(13:14 / Allies) Mr.Hollywood: k
(13:14 / Allies) KillJews: IN UR ASS
(13:19 / Allies) Knight_Lite: idk u cant get every1
(13:27 / Allies) KillJews: YOU'RE IN BIG TROUBLE NOW MISTER
(13:31 / Allies) KillJews: YOU DIDNT LISTEN
(13:34 / Allies) KillJews: NOW U WILL LOSE!!!
(13:37 / Allies) WC-and-ChilI: YOU BOTH LOSE, PALS
(13:41 / All) WC-and-ChilI: THIS WHAT U GET WHEN U DONT L:ISTEN
(13:42 / Allies) KillJews: U MAKE ME SO ANGRY!
(13:50 / Allies) Knight_Lite: i just wish ur mother would have followed her instincts and gotten an abortion
(13:55 / Allies) WC-and-ChilI: YOU LOSE
(13:55 / Allies) Mr.Hollywood: purp stop bein a b itch
(13:59 / Allies) KillJews: NOW YOU INSULT ME TOO?
(14:02 / Allies) KillJews: U R SO DEAD
(14:04 / Allies) KillJews: U R SO DEAD!
(14:15 / Allies) KillJews: IM COMING TO KILL YOU
(14:15 / Allies) WC-and-ChilI: RED = DEAD
(14:18 / Allies) KillJews: NOW WHAT R U GONNA DO?
(14:23 / Allies) Mr.Hollywood: i prob make more in life than you too you lil bitch
(14:30 / Allies) Mr.Hollywood: no college degree?
(14:31 / All) KillJews: U WANNA INSULT ME?
(14:33 / Allies) Mr.Hollywood: bitch
(14:33 / All) KillJews: NOW U WILL PAY!
(14:39 / Allies) Mr.Hollywood: suck my nutz
(14:41 / Allies) WC-and-ChilI: what you do for a living bitch?
(14:45 / All) KillJews: I GRADUATED FROM THE SCHOOL OF HARD KNOCKS
(14:48 / All) KillJews: ITS WHERE I MET UR MOTHER!
(14:54 / Allies) Mr.Hollywood: hard pussies
(15:04 / Allies) Knight_Lite: stfu purple u use viagra just to masturbate
(15:18 / Allies) WC-and-ChilI: I fuck you right in your pussy orange
(15:29 / Allies) Mr.Hollywood: ?
(15:37 / Allies) Knight_Lite: afk
(16:07 / Allies) KillJews: SEE
(16:09 / Allies) KillJews: NOW U DEAD
(16:12 / Allies) KillJews: DONT CROSS ME AGAIN
(16:20 / All) ALPHA-MALE: not your day, orange
(16:23 / All) ALPHA-MALE: not your day, red
(16:33 / Allies) KillJews: DEAD
(16:37 / Allies) KillJews: YOU DONT LISTEN
(16:39 / Allies) KillJews: NOW U DIE!
(17:01 / All) Mr.Hollywood: srry purp i don't listen to little bitches
(17:14 / All) Mr.Hollywood: peace fuck heads. suck my hairy nutz
(19:20 / All) WC-and-ChilI: who lose
(19:31 / All) KillJews: stat
(19:45 / All) WC-and-ChilI: 618-635 red
(19:46 / All) ALPHA-MALE: game was shit
(19:48 / All) ALPHA-MALE: new game
(19:49 / All) WC-and-ChilI: yeh
(19:56 / All) WC-and-ChilI: 64-86 red
(20:05 / All) WC-and-ChilI: I say your team lose 3 players